Map: [ESL] Stargazers

Players

Clem - Winner!

  • Race: Terran Terran
  • Spawn Location: 1:00

SpeCial

  • Race: Terran Terran
  • Spawn Location: 11:00

Event: DreamHack SC2 Masters 2022 Valencia

VOD

Have the link to the VOD?

Description

Time

  • Played on: July 2, 2022, 8:32 a.m.
  • Length: 8:50

All games in this series

Show
View Real Time Build Order
Export as new Build Order

Clem Terran - Winner!

Build Orders:  

Get SALT Encoding   

  12  0:00  SCV  
  13  0:12  SCV  
  14  0:16  Supply Depot  
  14  0:24  SCV  
  15  0:38  SCV  
  15  0:39  Barracks  
  16  0:43  Refinery  
  16  0:50  SCV  
  16  0:52  Refinery  
  17  1:02  SCV  
  18  1:14  SCV  
  19  1:26  Orbital Command, Reaper  
  19  1:27  Supply Depot  
  20  1:40  Factory  
  20  1:52  SCV  
  21  1:59  Reaper  
  22  2:04  SCV  
  23  2:17  Command Center  
  23  2:18  SCV  
  24  2:24  Hellion  
  26  2:30  SCV  
  26  2:36  Barracks Reactor  
  27  2:40  Starport  
  27  2:43  SCV, Supply Depot  
  28  2:47  Factory Tech Lab  
  28  2:55  SCV  
  29  3:07  SCV  
  29  3:08  Siege Tank  
  33  3:13  Marine x2  
  33  3:14  Refinery  
  36  3:20  SCV  
  36  3:26  Medivac  
  38  3:28  Orbital Command  
  38  3:32  Marine x2  
  41  3:34  SCV  
  41  3:44  Orbital Command  
  41  3:45  Cyclone  
  41  3:46  SCV  
  41  3:48  Supply Depot  
  45  3:57  Starport Tech Lab  
  45  3:58  SCV  
  46  4:02  Marine  
  46  4:03  Marine  
  48  4:10  SCV x2  
  50  4:21  Raven, Marine x2  
  50  4:22  SCV x2  
  56  4:31  Siege Tank  
  56  4:34  SCV x2  
  56  4:35  Supply Depot  
  61  4:44  Marine  
  62  4:49  Supply Depot  
  62  4:56  SCV x2, Marine  
  63  5:06  Siege Tank, Marine  
  65  5:08  SCV x2  
  65  5:13  Raven  
  65  5:14  Marine  
  66  5:19  Supply Depot  
  66  5:20  SCV  
  62  5:22  Command Center  
  62  5:23  SCV  
  62  5:24  Marine  
  62  5:27  Refinery  
  64  5:31  Marine  
  64  5:32  Supply Depot  
  64  5:33  SCV  
  66  5:40  Siege Tank  
  66  5:42  Marine  
  70  5:44  SCV  
  70  5:49  SCV, Marine  
  72  5:58  Barracks, SCV  
  72  5:59  Barracks  
  72  6:01  SCV  
  75  6:07  Supply Depot  
  75  6:10  SCV  
  75  6:12  Siege Tank  
  75  6:13  SCV  
  79  6:18  Viking  
  79  6:19  Viking  
  79  6:22  SCV  
  79  6:24  Marine, Stimpack  
  85  6:26  SCV  
  85  6:30  Supply Depot  
  86  6:34  SCV  
  86  6:38  SCV  
  88  6:42  Engineering Bay x2  
  88  6:46  SCV  
  89  6:48  Viking  
  89  6:49  Viking  
  89  6:50  Siege Tank  
  89  6:54  Orbital Command  
  96  6:55  SCV  
  96  6:58  SCV, Barracks Reactor  
  96  6:59  Barracks Reactor  
  96  7:00  Marine  
  99  7:04  Supply Depot  
  99  7:11  SCV x2  
  101  7:18  Medivac  
  101  7:19  Viking, Refinery, SCV  
  101  7:20  Refinery  
  106  7:23  Marine, SCV, Supply Depot  
  106  7:24  SCV  
  106  7:26  Siege Tank  
  112  7:30  Supply Depot  
  112  7:31  SCV  
  112  7:35  Marine x2  
  112  7:36  SCV x2, Marine x2  
  119  7:42  Supply Depot  
  119  7:43  SCV  
  120  7:48  SCV x2  
  120  7:49  Command Center  
  122  7:52  Supply Depot  
  122  7:59  Viking x2  
  126  8:06  Marine x2  
  126  8:07  Marauder, Starport  
  126  8:08  SCV x2  
  126  8:11  SCV  
  126  8:12  Barracks Tech Lab  
  133  8:26  SCV  
  130  8:28  Marauder  
  130  8:29  SCV  
  130  8:31  Marine  
Show
View Real Time Build Order
Export as new Build Order

SpeCial Terran 

Build Orders: Mech 

Get SALT Encoding   

  12  0:00  SCV  
  13  0:12  SCV  
  14  0:17  Supply Depot  
  14  0:24  SCV  
  15  0:39  Barracks, SCV  
  16  0:43  Refinery  
  16  0:51  SCV  
  16  0:53  Refinery  
  17  1:03  SCV  
  18  1:15  SCV  
  19  1:26  Reaper  
  19  1:27  Orbital Command  
  19  1:30  Supply Depot  
  20  1:42  Factory  
  20  1:53  SCV  
  21  1:58  Reaper  
  22  2:05  SCV  
  23  2:17  SCV  
  23  2:19  Command Center  
  24  2:27  Hellion  
  26  2:30  Reaper  
  26  2:34  SCV  
  28  2:40  Supply Depot  
  28  2:46  SCV  
  28  2:49  Hellion  
  31  2:52  Starport  
  31  3:01  SCV  
  31  3:03  Barracks Tech Lab  
  32  3:11  Factory Tech Lab  
  32  3:13  SCV  
  33  3:26  SCV  
  34  3:27  Refinery  
  34  3:31  Orbital Command  
  34  3:34  Raven  
  34  3:38  SCV  
  37  3:47  Cyclone  
  40  3:49  Marine  
  40  3:50  SCV  
  42  3:58  SCV  
  42  4:02  SCV  
  44  4:10  SCV  
  44  4:11  Command Center  
  44  4:14  SCV  
  46  4:19  Cyclone  
  46  4:22  SCV  
  49  4:26  Raven  
  49  4:28  SCV  
  49  4:30  Marine  
  52  4:34  SCV  
  52  4:37  Supply Depot  
  53  4:47  Supply Depot  
  53  4:59  SCV  
  54  5:04  SCV  
  54  5:09  Siege Tank, Marine  
  54  5:11  SCV  
  58  5:16  SCV  
  59  5:22  Refinery  
  59  5:23  Viking, SCV  
  59  5:28  Barracks Reactor  
  62  5:33  Supply Depot  
  62  5:40  SCV x2  
  61  5:44  Siege Tank  
  62  5:52  SCV x2  
  56  6:02  Engineering Bay, Factory  
  56  6:03  Supply Depot  
  56  6:04  Factory, SCV x2  
  58  6:12  Viking x2  
  58  6:13  Barracks Reactor  
  58  6:15  Supply Depot  
  58  6:16  SCV x2  
  64  6:22  Siege Tank  
  67  6:28  SCV x2  
  69  6:34  Orbital Command  
  69  6:37  Missile Turret  
  69  6:40  SCV x2  
  69  6:42  Missile Turret  
  69  6:44  Viking x2  
  75  6:49  Factory Tech Lab  
  75  6:52  SCV x2  
  77  6:58  Refinery x2  
  77  6:59  Siege Tank  
  77  7:00  SCV  
  81  7:05  SCV x2, Missile Turret  
  81  7:06  Hellion x2  
  87  7:12  SCV  
  88  7:17  SCV x2, Armory x2  
  90  7:24  SCV, Siege Tank  
  90  7:27  Hellion x2  
  90  7:29  SCV x2, Supply Depot  
  100  7:36  SCV  
  101  7:41  Supply Depot  
  101  7:51  Viking x2, SCV x3  
  108  7:54  Factory, Supply Depot  
  108  7:56  Factory  
  108  8:03  Hellion x2, SCV x3  
  115  8:13  Command Center  
  115  8:15  SCV x3, Siege Tank x2  
  115  8:27  SCV x2  
  115  8:28  SCV  

Tags
 
Add a new tag
Caveats
  • Supply blocks, unpowered buildings, or Contaminate may cause inaccurate times.
  • Supply counts are checked every 10 seconds.